 Dungeon Crawl Stone Soup version 0.29.1-15-g9cfb28693d (webtiles) character file.

Game seed: 550137529252162429

18020 eddybrass the Basher (level 12, -5/76 HPs)
             Began as a Gargoyle Fighter on Mar 17, 2023.
             Slain by a killer bee (7 damage)
             ... on level 2 of the Lair of Beasts.
             The game lasted 00:27:47 (14495 turns).

eddybrass the Basher (Gargoyle Fighter)            Turns: 14495, Time: 00:27:48

Health: -5/76      AC: 20    Str: 24    XL:     12   Next: 54%
Magic:  12/12      EV: 15    Int: 10    God:
Gold:   867        SH:  0    Dex:  9    Spells: 11/11 levels left

rFire   . . .      SeeInvis .   J - +9 great mace (protect)
rCold   . . .      Faith    .   (shield currently unavailable)
rNeg    + . .      Spirit   .   b - +0 scale mail
rPois   ∞          Reflect  .   (no helmet)
rElec   +          Harm     .   i - +2 cloak
rCorr   .          Rampage  .   (no gloves)
Will    +....                   (no boots)
Stlth   +.........              (no amulet)
HPRegen 0.22/turn               y - ring of willpower
MPRegen 0.13/turn               z - +4 ring of evasion

@: about to teleport
A: sickness immunity, AC +8, negative energy resistance 1, electricity
resistance, torment resistance 1, petrification resistance
a: no special abilities


You were on level 2 of the Lair of Beasts.
You visited 2 branches of the dungeon, and saw 13 of its levels.

You collected 1249 gold pieces.
You spent 382 gold pieces at shops.

Inventory:

Hand Weapons
 h - the +6 hammer "Pifoc" {flame, rF+ rN++ Int+3}
   (You found it on level 2 of the Dungeon)

   It burns those it strikes, dealing additional fire damage.
   Int:       It affects your intelligence (+3).
   rF:        It protects you from fire.
   rN:        It greatly protects you from negative energy.
 J - a +9 great mace of protection (weapon)
Armour
 b - a +0 scale mail (worn)
 c - a +0 buckler
 i - a +2 cloak (worn)
 G - a +0 kite shield
Jewellery
 k - a ring of ice
 m - a ring of wizardry
 v - a ring of resist corrosion
 y - a ring of willpower (left hand)
 z - a +4 ring of evasion (right hand)
 I - a +4 ring of evasion
 L - an amulet of magic regeneration
 M - a +6 ring of dexterity
Wands
 a - a wand of roots (3)
 A - a wand of paralysis (24)
 N - a wand of acid (3)
Scrolls
 g - a scroll of enchant weapon
 l - 2 scrolls of fear
 n - a scroll of summoning
 p - 2 scrolls of acquirement
 r - a scroll of poison {unknown}
 t - 5 scrolls of teleportation
 u - a scroll of fog
 x - a scroll of vulnerability
 B - a scroll of immolation {unknown}
 C - a scroll of amnesia {unknown}
 H - 4 scrolls of magic mapping
 K - a scroll of enchant armour {unknown}
Potions
 d - 3 potions of might
 e - 6 potions of brilliance
 f - a potion of invisibility
 o - a potion of cancellation
 q - a potion of lignification
 s - 3 potions of attraction
 w - 3 potions of haste
 E - a potion of degeneration
 F - 3 potions of flight


   Skills:
 + Level 9.2 Fighting
 + Level 14.4 Maces & Flails
 + Level 9.7 Armour
 + Level 5.4 Dodging
 + Level 3.2 Stealth
 + Level 6.4 Shields


You had 11 spell levels left.
You didn't know any spells.
Your spell library contained the following spells:

 Spells                   Type           Power      Damage    Failure   Level
 Foxfire                  Conj/Fire      0%         2x1d4     63%         1
 Summon Small Mammal      Summ           0%         N/A       63%         1
 Passwall                 Tmut/Erth      0%         N/A       77%         2
 Call Canine Familiar     Summ           0%         N/A       94%         3
 Conjure Flame            Conj/Fire      0%         6-21      94%         3
 Dazzling Flash           Conj/Hex       0%         N/A       94%         3
 Ignite Poison            Fire/Tmut/Pois 0%         N/A       94%         3
 Inner Flame              Hex/Fire       0%         N/A       94%         3
 Mephitic Cloud           Conj/Pois/Air  0%         N/A       94%         3
 Summon Guardian Golem    Hex/Summ       0%         N/A       94%         3
 Flame Wave               Conj/Fire      0%         2d4       100%        4
 Petrify                  Tmut/Erth      0%         N/A       100%        4
 Sticky Flame             Conj/Fire      0%         2d3       100%        4
 Agony                    Necr           0%         N/A       100%        5
 Freezing Cloud           Conj/Ice/Air   0%         6-21      100%        5
 Metabolic Englaciation   Hex/Ice        0%         N/A       100%        5
 Silence                  Hex/Air        0%         N/A       100%        5
 Dispersal                Tloc           0%         N/A       100%        6
 Disjunction              Tloc           0%         N/A       100%        8


Dungeon Overview and Level Annotations

Branches:
Dungeon (10/15)            Temple (0/1) D:6            Lair (3/5) D:10
  Swamp (0/4) Lair:3          Orc (0/2) D:10
  Snake: Lair:2-3    Spider: Lair:2-3

Altars:
Ashenzari
Dithmenos
Elyvilon
Hepliaklqana
Kikubaaqudgha
Qazlal
Sif Muna
Trog
Uskayaw
Zin

Shops:
D:2 (   D:8 (

Annotations:
D:7 2 transporters


Innate Abilities, Weirdness & Mutations

You are immune to sickness and miasma.
Your stone body is resilient. (AC +8)
You are immune to poison.
You resist negative energy. (rN+)
You are resistant to electric shocks. (rElec)
You are resistant to unholy torment.
You are immune to petrification.


Message History

You kill the killer bee!
The water moccasin bites you. The killer bee misses you.
The water moccasin closely misses you. The killer bee barely misses you.
You barely miss the killer bee.
The killer bee stings you but does no damage.
The blink frog hits you but does no damage.
The water moccasin barely misses you.
The killer bee stings you but does no damage.
You miss the killer bee. The blink frog misses you.
The killer bee barely misses you.
The water moccasin bites you but does no damage.
The blink frog closely misses you. The killer bee stings you.
You miss the killer bee.
The water moccasin bites you but does no damage.
The killer bee stings you. The blink frog hits you.
The water moccasin bites you but does no damage.
The killer bee closely misses you.
You closely miss the killer bee. The blink frog hits you!
* * * LOW HITPOINT WARNING * * *
The killer bee stings you but does no damage.
The water moccasin barely misses you. The blink frog closely misses you.
The killer bee barely misses you. The water moccasin barely misses you.
The killer bee closely misses you. The blink frog hits you.
* * * LOW HITPOINT WARNING * * *
The water moccasin bites you.
* * * LOW HITPOINT WARNING * * *
The killer bee completely misses you.
You climb upwards.
There is a stone staircase leading down here.
As you read the scroll of teleportation, it crumbles to dust.
You feel strangely unstable. The killer bee closely misses you.
The blink frog barely misses you. The water moccasin misses you.
The killer bee barely misses you. The blink frog hits you!
* * * LOW HITPOINT WARNING * * *
The killer bee stings you but does no damage.
The water moccasin completely misses you.
The blink frog blinks!
The killer bee stings you!
You die...

#..##..####..##...........#......
#..##....#...##..........#.......
#..##............#...............
#..##.............#..............
.................##..............
.................................
.................................
#...............Sy#..........##..
................@>...........##..
.................§...........##..
..................#..........##..
.................##..............
.................##..........##..
.................#...........##..
...........F.....#...........##..
.................##...........#..
.................##..........#...


You could see a blink frog, a water moccasin and a killer bee.

Vanquished Creatures
  Fannar (Lair:2)
  A catoblepas (Lair:3)
  A bog body (Lair:3)
  Pikel (D:7)
  4 centaur zombies (D:10)
  A black mamba (Lair:2)
  3 cane toads (Lair:1)
  Maggie (D:7)
  A rime drake (Lair:2)
  3 komodo dragons
  An unseen horror zombie (D:10)
  A queen bee (Lair:3)
  2 trolls
  4 blink frogs (Lair:1)
  A wraith (D:9)
  5 wyverns
  A steam dragon (D:9)
  3 basilisks
  25 yaks
  Menkaure (D:5)
  Duvessa (D:5)
  5 water moccasins
  An ice beast (D:7)
  3 orc warriors
  2 sky beasts (D:7)
  An ogre (D:6)
  6 wolves (Lair:3)
  6 centaurs
  6 bullfrogs
  A scorpion (D:4)
  2 gnoll sergeants
  4 necrophages
  6 wights
  Dowan (D:5)
  24 killer bees
  A howler monkey (D:10)
  2 hounds
  A human zombie (D:10)
  3 jellies
  4 orc priests
  Crazy Yiuf (D:2)
  A gnoll bouda (D:7)
  2 iguanas (D:5)
  Natasha (twice) (D:3)
  4 orc wizards
  A mummy (D:10)
  14 gnolls
  7 adders
  A white imp (D:6)
  A worm (D:2)
  2 dart slugs
  27 orcs
  5 ball pythons
  7 bats
  5 endoplasms
  2 giant cockroaches (D:3)
  6 goblins
  9 hobgoblins
  14 jackals
  12 kobolds
  2 quokkas (D:3)
  3 frilled lizards
  8 rats
277 creatures vanquished.

Vanquished Creatures (others)
  9 fungi
  30 plants
39 creatures vanquished.

Grand Total: 316 creatures vanquished

Notes
Turn   | Place    | Note
-------+----------+-------------------------------------------
     0 | D:1      | eddybrass the Gargoyle Fighter began the quest for the Orb.
     0 | D:1      | Reached XP level 1. HP: 14/14 MP: 1/1
   181 | D:1      | Reached XP level 2. HP: 19/19 MP: 2/2
   483 | D:1      | Reached XP level 3. HP: 23/23 MP: 3/3
  1827 | D:2      | Reached XP level 4. HP: 23/29 MP: 4/4
  2070 | D:2      | Reached skill level 3 in Maces & Flails
  2146 | D:2      | Found Eja Cidu's Antique Weapon Emporium.
  2712 | D:2      | You fall into a shaft and drop 1 floor!
  2905 | D:2      | Found a runed translucent door.
  2906 | D:2      | Noticed Crazy Yiuf
  2927 | D:2      | Killed Crazy Yiuf
  2928 | D:2      | Reached XP level 5. HP: 11/33 MP: 5/5
  2936 | D:2      | Identified the +6 hammer "Pifoc" {flame, rF+ rN++ Int+3}
  3178 | D:3      | Found a bloodstained altar of Trog.
  3502 | D:3      | Noticed Natasha
  3512 | D:3      | Killed Natasha
  3675 | D:3      | Reached XP level 6. HP: 32/38 MP: 6/6
  3788 | D:3      | Noticed Natasha
  3794 | D:3      | Killed Natasha
  3795 | D:3      | Reached skill level 4 in Maces & Flails
  3797 | D:3      | Found a faded altar of an unknown god.
  3950 | D:4      | Reached skill level 1 in Stealth
  4451 | D:4      | Found Atsenlosoy's General Store.
  4459 | D:4      | Reached XP level 7. HP: 43/44 MP: 7/7
  4525 | D:5      | Entered Level 5 of the Dungeon
  4560 | D:5      | Noticed Duvessa
  4560 | D:5      | Noticed Dowan
  4573 | D:5      | Killed Duvessa
  4574 | D:5      | Reached skill level 5 in Maces & Flails
  4574 | D:5      | Reached skill level 5 in Armour
  4578 | D:5      | Killed Dowan
  4752 | D:5      | Found a white marble altar of Elyvilon.
  4782 | D:5      | Noticed Menkaure
  4788 | D:5      | Killed Menkaure
  5395 | D:5      | Reached skill level 5 in Shields
  5395 | D:5      | Reached XP level 8. HP: 43/48 MP: 8/8
  5652 | D:6      | Reached skill level 5 in Fighting
  5652 | D:6      | Reached skill level 6 in Maces & Flails
  5652 | D:6      | Reached skill level 1 in Dodging
  6287 | D:6      | Found a staircase to the Ecumenical Temple.
  6453 | D:6      | Found a stormy altar of Qazlal.
  6484 | D:6      | Found a broken altar of Ashenzari.
  6491 | D:6      | Found a hide-covered altar of Uskayaw.
  6716 | D:7      | Noticed Pikel
  6729 | D:7      | Killed Pikel
  6730 | D:7      | Reached skill level 7 in Maces & Flails
  6730 | D:7      | Reached XP level 9. HP: 33/54 MP: 9/9
  7197 | D:7      | Noticed Maggie
  7208 | D:7      | Killed Maggie
  7378 | D:7      | Found a transporter.
  7380 | D:7      | Noticed a boulder beetle
  7383 | D:7      | Found a shadowy altar of Dithmenos.
  7384 | D:7      | Found a glowing silver altar of Zin.
  7386 | D:7      | Noticed a skeletal warrior
  7560 | D:7      | Reached skill level 8 in Maces & Flails
  7814 | D:7      | Noticed a troll
  7818 | D:7      | Found a transporter.
  7862 | D:8      | Got the Octavo of the Caves and Firn
  8153 | D:8      | Found Iryr's Weapon Shoppe.
  8846 | D:8      | Bought a +5 great mace of protection for 382 gold pieces
  9003 | D:9      | Found a shimmering blue altar of Sif Muna.
  9009 | D:9      | Reached XP level 10. HP: 48/60 MP: 10/10
  9011 | D:9      | Identified 2 scrolls of acquirement
  9011 | D:9      | Acquired 606 gold pieces
  9083 | D:9      | Reached skill level 9 in Maces & Flails
  9426 | D:9      | Reached skill level 10 in Maces & Flails
  9621 | D:10     | Entered Level 10 of the Dungeon
  9674 | D:10     | Found a staircase to the Orcish Mines.
 10103 | D:10     | Reached skill level 11 in Maces & Flails
 10136 | D:10     | Reached XP level 11. HP: 59/67 MP: 11/11
 10176 | D:10     | Found an ancient bone altar of Kikubaaqudgha.
 10557 | D:10     | Found a hazy altar of Hepliaklqana.
 10723 | D:10     | Found a staircase to the Lair.
 11079 | Lair:1   | Entered Level 1 of the Lair of Beasts
 11087 | Lair:1   | Reached skill level 12 in Maces & Flails
 11712 | Lair:1   | Reached skill level 13 in Maces & Flails
 12534 | Lair:2   | Noticed Fannar
 12567 | Lair:2   | Killed Fannar
 12726 | Lair:2   | Reached XP level 12. HP: 75/75 MP: 12/12
 13313 | Lair:2   | Reached skill level 14 in Maces & Flails
 13536 | Lair:3   | Noticed a catoblepas
 13557 | Lair:3   | Killed a catoblepas
 13558 | Lair:3   | Reached skill level 5 in Dodging
 13965 | Lair:3   | Found a staircase to the Swamp.
 14495 | Lair:2   | HP: 2/76 [blink frog (9)]
 14495 | Lair:2   | Slain by a killer bee

Illustrated notes

Levels and vault maps discovered:
D:1:      dpeg_arrival_morbid_curiosity, layout_basic
D:2:      layout_rooms, serial_shops, nicolae_shop_hallway_plus,
          uniq_crazy_yiuf_cottage
D:3:      layout_basic, trog_three_pillars_becter,
          shapermc_ecumenical_altar_notcrosses, uniq_natasha
D:4:      layout_rooms, serial_shops, nicolae_shop_waterfront
D:5:      layout_cave_pods, elyvilon_altar_4, kennysheep_donut, uniq_menkaure,
          uniq_duvessa
D:6:      layout_cave_pools, nicolae_overflow_crystal_walls,
          grunt_temple_overflow_open, minmay_temple_entry_mist, st_stairs_3
D:7:      layout_loops_ring, gammafunk_temple_overflow_arena, grunt_tough_drop,
          uniq_maggie, uniq_pikel
D:8:      layout_basic, serial_shops, shop, glass_columns_b
D:9:      layout_roguey, mainiacjoe_overflow_alcove_1, reono_crystal_passage,
          kennysheep_generic_room_16
D:10:     layout_loops_cross, lemuel_mausoleum_altar_kikubaaqudgha,
          nicolae_hepliaklqana_hazy_memory, lair_entry_dummy, david_orc_2,
          patterned_corridor
Lair:1:   layout_loops_ring, st_stairs_3, dreamdust_deal_with_the_devil
Lair:2:   layout_long_grid, uniq_fannar
Lair:3:   regret_index_bee_streams, layout_gridlike, skrybe_swamp_entry_bodies,
          guppyfry_snake_entry_garden, nicolae_quartered_pool_medium

Skill      XL: |  1  2  3  4  5  6  7  8  9 10 11 12 |
---------------+-------------------------------------+-----
Shields        | 4 5 6 |  6.4
Maces & Flails | 3 4 5 7 8 11 13 14 | 14.4
Armour         | 4 5 6 8 9 |  9.7
Fighting       | 4 5 6 7 8 9 |  9.2
Stealth        | 1 2 3 |  3.2
Dodging        | 2 3 4 5 |  5.4

Action                   |  1- 3 |  4- 6 |  7- 9 | 10-12 || total
-------------------------+-------+-------+-------+-------++-------
Melee: Flail             |   106 |   106 |       |       ||   212
       Mace              |       |    86 |   214 |       ||   300
       Great mace        |       |       |    11 |   419 ||   430
  Use: Potion            |       |     4 |     1 |     8 ||    13
       Scroll            |       |     6 |    13 |     9 ||    28
 Stab: Invisible         |       |     1 |       |       ||     1
Armor: Scale mail        |    63 |   105 |   125 |   370 ||   663
Dodge: Dodged            |    64 |   100 |   129 |   665 ||   958
Block: Buckler           |    32 |    50 |    61 |       ||   143
